 Dungeon Crawl Stone Soup version 0.28-a0-1518-gbe868bca14 (webtiles) character file.

Game seed: 16349519199588049946

419 issech the Shooter (level 6, -2/36 HPs)
             Began as a Deep Elf Arcane Marksman on Jan 17, 2022.
             Killed from afar by a starcursed mass (9 damage)
             ... with an accursed screaming
             ... on level 1 of the Abyss.
             The game lasted 00:35:15 (5164 turns).

issech the Shooter (Deep Elf Arcane Marksman)       Turns: 5164, Time: 00:35:16

Health: -2/36      AC: 26    Str:  7    XL:     6   Next: 62%
Magic:  10/10      EV:  3    Int: 18    God:
Gold:   182        SH:  0    Dex: 17    Spells: 7/8 levels left

rFire   . . .      SeeInvis .   H - +0 hand axe (vorpal)
rCold   . . .      Faith    .   (no shield)
rNeg    + . .      Spirit   .   z - +18 Lear's hauberk
rPois   .          Reflect  .   (helmet currently unavailable)
rElec   .          Harm     .   (no cloak)
rCorr   .          Rampage  .   (gloves currently unavailable)
Will    .....                   (boots currently unavailable)
Stlth   ..........              (no amulet)
HPRegen 0.12/turn               r - ring of positive energy
MPRegen 0.12/turn               (no ring)

@: no status effects
A: no striking features
a: no special abilities


You were on level 1 of the Abyss.
You visited 1 branch of the dungeon, and saw 4 of its levels.
You visited the Abyss 1 time.

You collected 182 gold pieces.

Inventory:

Hand Weapons
 a - a +0 shortbow
 g - a +0 hand axe
 i - a +0 trident
 j - a +0 dagger
 m - a +0 spear
 o - a +0 falchion
 q - a +0 dagger
 s - a +0 short sword
 v - a +0 whip
 w - a +0 club
 D - a +0 hand axe
 E - a +0 spear
 H - a +0 vorpal hand axe (weapon)
 J - a +0 club
 M - a +0 dagger
 O - a +0 flail
 R - a +0 dagger
 S - a +0 dagger
 T - a +0 whip
 V - a +0 short sword
Missiles
 c - 5 arrows
 k - 85 stones (quivered)
 t - 2 poisoned darts
 y - 12 bolts
Armour
 d - a +0 robe
 p - a +0 leather armour
 u - a +0 scale mail
 z - the +18 Lear's hauberk (worn)
   (You found it on level 2 of the Dungeon)
 C - a +0 leather armour
 F - a +0 animal skin
 G - a +0 helmet
 I - a +2 leather armour of positive energy
 L - a +0 pair of gloves
 P - a +0 helmet
 Q - a +0 leather armour
 U - a +0 ring mail
Jewellery
 r - a ring of positive energy (left hand)
Scrolls
 b - a scroll of teleportation {unknown}
 e - a scroll of noise {unknown}
 h - 2 scrolls of enchant weapon {unknown}
 l - a scroll of immolation {unknown}
 n - 3 scrolls of identify {unknown}
 x - a scroll of magic mapping {unknown}
 K - a scroll of fog {unknown}
Potions
 f - a potion of curing
 A - 3 potions of mutation {unknown}
 B - 2 potions of invisibility {unknown}
 N - 2 potions of heal wounds {unknown}


   Skills:
 + Level 2.3 Fighting
 + Level 1.8 Long Blades
 + Level 2.2 Axes
 + Level 4.8 Bows
 + Level 1.9 Armour
 + Level 3.2 Dodging
 + Level 0.3 Stealth
 + Level 1.5 Spellcasting
 + Level 4.6 Hexes


You had 7 spell levels left.
You knew the following spells:

 Your Spells              Type           Power      Damage    Failure   Level
a - Slow                  Hex            68%        N/A       100%        1

Your spell library contained the following spells:

 Spells                   Type           Power      Damage    Failure   Level
 Gell's Gravitas          Tloc           1%         N/A       100%        3
 Inner Flame              Hex/Fire       9%         N/A       100%        3
 Lesser Beckoning         Tloc           1%         N/A       100%        3
 Portal Projectile        Hex/Tloc       18%        N/A       100%        3
 Teleport Other           Tloc           1%         N/A       100%        3
 Cause Fear               Hex            8%         N/A       100%        4


Dungeon Overview and Level Annotations

Branches:
Dungeon (4/15)
 Temple: D:4-7

Altars:
Xom


Message History

You are poisoned.
The crimson imp hits you but does no damage.
You easily resist.
You completely miss the crimson imp.
You feel very sick.
The crimson imp hits you but does no damage.
You hit the crimson imp.
The crimson imp is moderately wounded.
You feel sick. The crimson imp barely misses you.
You barely miss the crimson imp.
The crimson imp is moderately wounded.
You feel sick.
The crimson imp hits you but does no damage.
You are cast into the Abyss!
This branch contains the abyssal rune of Zot.
You feel sick.
You feel sick.
You feel sick.
You start resting.
You feel sick.
You are no longer poisoned.
You start resting.
A small abomination emerges from chaos.
You start resting.
A starcursed mass comes into view.
A starcursed mass splits.
A starcursed mass splits.
A starcursed mass splits.
A starcursed mass splits.
A chorus of shrieks assaults your mind.
A starcursed mass splits.
A starcursed mass splits. x2
A starcursed mass splits.
A deafening chorus of shrieks assaults your mind!
A deafening chorus of shrieks assaults your mind!
* * * LOW HITPOINT WARNING * * *
You suddenly lose the ability to move!
You can move again.
A starcursed mass splits.
A cacophony of accursed wailing tears at your sanity!
You die...

### ## #. ## ##.#
# #.## #####... #
..#..#..# #.#..#
.
##....##..###...#
..
.#...#...#X.@.# .
#.#...X....###..#
#.#'#.#X##X.#.#
#... ..
.......#.X.#.#
.## ...
...XX#....#
.......XX####.. .
....#.#....#..#
......#∩.X#.#.###
..........X.#


You could see 8 starcursed masses.

Vanquished Creatures
  A phantom (D:3)
  3 crimson imps (D:3)
  A bullfrog skeleton (D:4)
  An orc priest (D:3)
  A killer bee zombie (D:4)
  Robin (D:2)
  5 adders
  A shadow imp (D:4)
  3 worms
  2 dart slugs (D:2)
  4 orcs (D:3)
  8 endoplasms
  A giant cockroach (D:3)
  10 goblins
  8 hobgoblins
  4 jackals (D:1)
  2 quokkas (D:2)
  7 ball pythons
  10 bats
  4 frilled lizards
  8 kobolds
  4 rats
  A spectral goblin (D:1)
90 creatures vanquished.

Notes
Turn   | Place    | Note
-------+----------+-------------------------------------------
     0 | D:1      | issech the Deep Elf Arcane Marksman began the quest for the
                  | Orb.
     0 | D:1      | Reached XP level 1. HP: 11/11 MP: 5/5
   451 | D:1      | Reached XP level 2. HP: 16/16 MP: 6/6
   736 | D:1      | Found a faded altar of an unknown god.
  1434 | D:2      | Reached skill level 1 in Fighting
  1434 | D:2      | Reached XP level 3. HP: 19/20 MP: 7/7
  1721 | D:2      | Found the +18 Lear's hauberk
  1845 | D:2      | Noticed Robin
  1863 | D:2      | Killed Robin
  1911 | D:2      | Reached XP level 4. HP: 22/25 MP: 8/8
  2323 | D:2      | Reached skill level 1 in Armour
  2950 | D:3      | Noticed a phantom
  2996 | D:3      | Killed a phantom
  2997 | D:3      | Reached skill level 1 in Long Blades
  2997 | D:3      | Reached XP level 5. HP: 10/29 MP: 9/9
  3073 | D:3      | Reached skill level 1 in Axes
  4109 | D:3      | Found a shimmering altar of Xom.
  4168 | D:3      | Reached XP level 6. HP: 25/35 MP: 10/10
  5057 | D:3      | Cast into level 1 of the Abyss (crimson imp)
  5097 | Abyss:1  | Noticed a small abomination
  5151 | Abyss:1  | Noticed a starcursed mass
  5162 | Abyss:1  | Paralysed by accursed screaming for 1 turns
  5164 | Abyss:1  | Killed from afar by a starcursed mass

Illustrated notes

Levels and vault maps discovered:
D:1:      lightli_arrival_lavapool, layout_basic,
          dreamdust_ecumenical_altar_drowned_temple
D:2:      layout_basic, grunt_decor_fettered, uniq_robin
D:3:      layout_basic, led_xom_imps
D:4:      layout_cave_pools, zin_angel
Abyss:1:  base:
D:2

Skill      XL: |  1  2  3  4  5  6 |
---------------+-------------------+-----
Bows           | 3 4 |  4.8
Fighting       | 1 2 |  2.3
Armour         | 1 |  1.9
Long Blades    | 1 |  1.8
Dodging        | 3 |  3.2
Axes           | 1 2 |  2.2
Stealth        | |  0.3
Spellcasting   | |  1.5
Hexes          | |  4.6

Action                   |  1- 3 |  4- 6 || total
-------------------------+-------+-------++-------
Melee: Hand axe          |    39 |   339 ||   378
       Punch             |     1 |     7 ||     8
       Falchion          |       |   130 ||   130
 Fire: Shortbow          |    91 |    14 ||   105
Throw: Stone             |     4 |       ||     4
  Use: Potion            |       |     2 ||     2
Armor: Scale mail        |     8 |       ||     8
       Leather armour    |     3 |       ||     3
       Chain mail        |    41 |   501 ||   542
Dodge: Dodged            |    29 |    72 ||   101

Table legend: (Time is in decaauts)
 A = Elapsed time spent in this place.
 B = Non-inter-level travel time spent in this place.
 C = Inter-level travel time spent in this place.
 D = Time resting spent in this place.
 E = Time spent auto-exploring this place.
 F = Levels seen in this place.
 G = Mean time per level.
                   A        B        C        D        E       F      G
               +--------+--------+--------+--------+--------+-----+--------+
         Total |   5307 |   5307 |      0 |   1107 |   1308 |   5 | 1061.4 |
       Dungeon |   5200 |   5200 |      0 |   1017 |   1308 |   4 | 1300.0 |
         Abyss |    106 |    106 |      0 |     90 |      0 |   1 |  106.0 |
               +--------+--------+--------+--------+--------+-----+--------+

Top non-repeatable levels by time:
     D:3: 2281 daAuts
     D:1: 1382 daAuts
     D:2: 1258 daAuts
     D:4: 279 daAuts
 Abyss:1: 106 daAuts
